 Dungeon Crawl Stone Soup version 0.16-a0-715-g16937c4 (webtiles) character file.

241 PolkaDot the Stinger (level 5, -1/42 HPs)
             Began as a Draconian Transmuter on Sept 21, 2014.
             Killed from afar by an orc (14 damage)
             ... with an exploding inner flame
             ... hexed by the player character
             ... on Level 3 of the Dungeon.
             The game lasted 00:10:38 (2912 turns).

PolkaDot the Stinger (Draconian Transmuter)         Turns: 2912, Time: 00:10:39

HP  -1/42        AC  6     Str  9      XL: 5   Next: 80%
MP   9/9         EV 12     Int 14      God:
Gold 72          SH  0     Dex 12      Spells:  2 memorised,  4 levels left

rFire  + . .     SeeInvis .       - Unarmed
rCold  + . .     Clarity  .     (armour unavailable)
rNeg   . . .     rCorr    +     (no shield)
rPois  +         rRot     .     (helmet restricted)
rElec  +         Spirit   .     i - +0 cloak
SustAb .         Warding  .     (no gloves)
rMut   .         Stasis   .     (no boots)
Gourm  .                        (no amulet)
MR     .....                    (no ring)
                                g - cursed -3 ring of strength

@: appendage (expiring), resistant, slowed, glowing, very slow, not resistant to
hostile enchantments, very unstealthy
A: unfitting armour, horns 2, cold-blooded, AC +5
a: End Transformation


You were on level 3 of the Dungeon.
You were not hungry.
You had grown temporary horns.
You visited 1 branch of the dungeon, and saw 3 of its levels.

You collected 72 gold pieces.

Inventory:

Missiles
 b - 78 arrows
 r - 7 silver javelins (quivered)
Armour
 i - a +0 cloak (worn)
Magical devices
 f - a wand of confusion (1)
 k - a wand of confusion (7)
 p - a wand of confusion (4)
Comestibles
 a - 2 bread rations
 c - 2 meat rations
 h - 2 chunks of gnoll flesh
 q - a fruit
 s - a royal jelly
Jewellery
 g - a cursed -3 ring of strength (left hand)
Books
 d - a book of Changes

   Spells                             Type                      Level
   *Beastly Appendage                 Transmutation                1
   Sticks to Snakes                   Transmutation                2
   *Spider Form                       Transmutation/Poison         3
   Ice Form                           Ice/Transmutation            4
   Blade Hands                        Transmutation                5


   Skills:
 - Level 2.5 Fighting
 - Level 1.7 Dodging
 - Level 3.8 Unarmed Combat
 - Level 2.0 Spellcasting
 - Level 2.4 Transmutations
 + Level 4.3 Poison Magic


You had 4 spell levels left.
You knew the following spells:

 Your Spells              Type           Power        Failure   Level  Hunger
a - Beastly Appendage     Trmt           #.....       12%         1    ##.....
z - Spider Form           Trmt/Pois      ##........   21%         3    ####...


Dungeon Overview and Level Annotations

Branches:
Dungeon (3/15)

Altars:
Yredelemnul

Annotations:
D:3 Pirate's ghost, average HEAM


Innate Abilities, Weirdness & Mutations

Your plain brown scales are hard (AC +5).
Your body does not fit into most forms of armour.
Your cold-blooded metabolism reacts poorly to cold.
You have a pair of horns on your head.


Message History

Pirate's ghost barely misses you.
Read which item? (? for menu, Esc to quit)
As you read the scroll of immolation, it crumbles to dust.
The creatures around you are filled with an inner flame!
The orc closely misses you. The orc hits you but does no damage.
The orc priest mumbles some strange prayers to Beogh.
You feel troubled. Pirate's ghost barely misses you.
The orc hits you with a short sword.
* * * LOW HITPOINT WARNING * * *
The orc priest glows brightly for a moment.
You closely miss the orc. You headbutt the orc.
The orc explodes!
The fiery explosion engulfs the orc.
The orc explodes!
The fiery explosion engulfs you! You resist.
* * * LOW HITPOINT WARNING * * *
The fiery explosion engulfs Pirate's ghost.
Pirate's ghost is almost destroyed.
The fiery explosion engulfs you! You resist.
You die...

.P.........PP.♣...###.♣.♣........
.......8....P♣....#.#..♣...####.#
..................#'#.♣P...# #.#
..♣....8..♣P.P...........#.# #.#
.♣..♣..P.P♣♣...#........♣#.# #.#
♣♣.♣♣♣...♣...)#.........P♣.# #.#
..♣♣..P..♣P..#....P#'#.♣P♣.# #.#
.P...P♣P♣♣....§§§..#.#..♣♣.# #.#
♣.P♣♣.P♣♣P..P..§@P§###.P.♣. #.#
.♣P...♣.....#'#§§W§....♣.. ..#
♣♣.P.♣♣♣P...#.#§o§§.......
.♣P♣♣..♣.P.#.#..⌠....... ♣.♣♣
§♣.♣..###...Po..... ♣♣♣
.........♣. ...####.... ....# .o.
....+ P.


You could see an orc priest (inner flame) and Pirate's ghost (inner flame).

Vanquished Creatures
  An ogre (D:3)
  Crazy Yiuf (D:2)
  Jessica (D:2)
  2 gnolls (D:3)
  3 adders (D:2)
  4 giant geckos
  6 orcs (D:3)
  5 giant cockroaches
  7 goblins
  10 hobgoblins
  5 bats
  4 giant newts
  3 kobolds
  3 rats
  A spectral orc (D:2)
56 creatures vanquished.

Notes
Turn   | Place    | Note
--------------------------------------------------------------
     0 | D:1      | PolkaDot, the Draconian Transmuter, began the quest for the Orb.
     0 | D:1      | Reached XP level 1. HP: 16/16 MP: 3/3
   618 | D:1      | Reached XP level 2. HP: 12/24 MP: 2/4
  1433 | D:2      | Noticed Jessica
  1448 | D:2      | Reached XP level 3. HP: 10/30 MP: 4/6
  1454 | D:2      | Killed Jessica
  1733 | D:2      | Learned a level 3 spell: Spider Form
  2000 | D:2      | Reached skill level 1 in Poison Magic
  2000 | D:2      | Reached XP level 4. HP: 37/37 MP: 5/7
  2047 | D:2      | Found a basalt altar of Yredelemnul.
  2367 | D:2      | Noticed Crazy Yiuf
  2388 | D:2      | Killed Crazy Yiuf
  2569 | D:3      | Noticed an ogre
  2662 | D:3      | Killed an ogre
  2662 | D:3      | Reached skill level 4 in Poison Magic
  2662 | D:3      | Reached XP level 5. HP: 42/42 MP: 3/9
  2899 | D:3      | Noticed Pirate's ghost (average HEAM)
  2912 | D:3      | Killed from afar by an orc

Action                   |  1- 3 |  4- 6 || total
-------------------------+-------+-------++-------
Melee: Unarmed           |   125 |    68 ||   193
Throw: Javelin           |       |     3 ||     3
 Cast: Beastly Appendage |    21 |     9 ||    30
       Spider Form       |       |     2 ||     2
Evoke: Wand              |       |     4 ||     4
  Use: Potion            |     1 |     5 ||     6
       Scroll            |       |     4 ||     4
 Stab: Sleeping          |       |     2 ||     2
  Eat: Chunk             |     4 |     4 ||     8
